AoeStats
← El Fantasma de Pancho Villa

Nomad

507188587Analyzed
4v4 RM · 16d ago on Sep 17, 2026· 50m 49s· 8 players
Game mode
Random Map
Map size
231×231
Population
200
Speed
Normal
Resources
Standard
Victory
Conquest
Starting age
Dark Age
Ending age
Imperial Age
RankedLock teamsTeams togetherTeam positionsShared explorationLock speedFull tech treeHidden civsTurbo modeCheats
Victory
Defeat
🇦🇷 Inca · Argentina
1170
+15
🇨🇱 Mapuche · Chile
1169
+15
🇦🇷 Franks · Argentina
1163
+15
🇨🇳 Vietnamese · China
1152
+15
🇲🇽 Persians · Mexico
1170
-16
🇺🇸 Cumans · United States
1161
-16
🇫🇷 Dravidians · France
1134
-15
🇹🇷 Malians · Türkiye
1099
-13
Mirshal
7:25 Loom
20:16 Feudal Age
22:48 Double-Bit Axe
22:45 Horse Collar
25:27 Castle Age
23:21 Gold Mining
23:38 Fletching
23:48 Padded Archer Armor
26:09 Bodkin Arrow
27:47 Leather Archer Armor
30:13 Ballistics
31:00 Bow Saw
32:59 Heavy Plow
33:37 Wheelbarrow
45:54 Imperial Age
45:46 Elite Skirmisher
46:48 Hand Cart
46:44 Bracer
47:54 Two-Man Saw
47:46 Ring Archer Armor
48:25 Chemistry
El Fantasma de Pancho Villa
6:15 Loom
18:34 Feudal Age
19:06 Man-at-Arms
20:21 Double-Bit Axe
20:40 Scale Mail Armor
20:50 Forging
22:08 Arson
24:23 Wheelbarrow
27:21 Horse Collar
30:52 Castle Age
31:45 Bloodlines
32:01 Scale Barding Armor
32:31 Iron Casting
38:43 Long Swordsman
39:27 Pikeman
Boywars
3:51 Loom
13:29 Feudal Age
17:33 Castle Age
16:15 Double-Bit Axe
18:07 Husbandry
19:55 Scale Barding Armor
20:35 Medium Warships
27:25 Town Watch
28:58 Chain Barding Armor
34:59 Imperial Age
32:59 Fletching
33:20 Forging
34:19 Bodkin Arrow
34:35 Kamandaran
34:29 Crossbowman
35:14 Thumb Ring
37:39 Padded Archer Armor
38:15 Plate Barding Armor
37:18 Cavalier
39:31 Chemistry
40:10 Ballistics
41:31 Savar
44:19 Onager
47:21 Iron Casting
47:23 Bloodlines
49:47 Heavy Camel Rider
Viglaf
3:40 Loom
16:11 Feudal Age
16:37 Fishing Lines
20:33 Town Watch
23:44 Castle Age
27:49 Double-Bit Axe
28:20 Gillnets
36:04 Fletching
39:13 Wheelbarrow
46:17 Coinage
46:00 Bow Saw
45:37 Horse Collar
47:59 Heavy Plow
50:01 Bodkin Arrow
Eskarlata
5:34 Loom
14:51 Feudal Age
16:17 Double-Bit Axe
16:43 Fishing Lines
19:22 Castle Age
17:57 Town Watch
18:24 Stone Mining
18:26 Gold Mining
20:20 Fletching
21:22 Bow Saw
22:41 Bodkin Arrow
23:35 Wheelbarrow
23:40 Forging
28:03 Hand Cart
28:12 Malon
30:28 Horse Collar
31:43 Iron Casting
32:55 Murder Holes
33:21 Ballistics
38:03 Imperial Age
36:17 Padded Archer Armor
37:31 Heavy Plow
38:07 Elite Bolas Rider
39:50 Blast Furnace
39:11 Butalmapu
40:32 Chemistry
44:17 Conscription
47:22 Elite Kona
not.matiasz
6:26 Loom
13:16 Feudal Age
23:27 Castle Age
30:05 Wheelbarrow
30:00 Fletching
33:27 Imperial Age
31:42 Scale Barding Armor
32:48 Chain Barding Armor
33:19 Husbandry
33:32 Forging
33:29 Cavalier
34:46 Plate Barding Armor
35:18 Iron Casting
34:33 Town Watch
36:02 Double-Bit Axe
37:25 Conscription
39:08 Blast Furnace
40:19 Chivalry
46:23 Paladin
QQ12346908
9:44 Loom
15:30 Feudal Age
17:32 Double-Bit Axe
18:27 Gold Mining
18:37 Stone Mining
20:50 Castle Age
20:11 Horse Collar
25:05 Squires
25:46 Crossbowman
29:45 Fletching
29:56 Padded Archer Armor
29:58 Pikeman
31:00 Bodkin Arrow
34:38 Ballistics
34:34 Heavy Plow
34:46 Bow Saw
36:54 Elite Skirmisher
38:05 Leather Archer Armor
38:05 Town Watch
44:28 Imperial Age
44:36 Gold Shaft Mining
45:37 Wheelbarrow
45:31 Bracer
46:19 Crop Rotation
47:35 Chemistry
46:41 Andean Sling
47:06 Conscription
47:47 Thumb Ring
47:07 Imperial Skirmisher
sabar
3:37 Loom
14:02 Feudal Age
19:07 Castle Age
17:19 Town Watch
17:29 Fletching
19:53 Bodkin Arrow
19:45 Fishing Lines
22:08 Padded Archer Armor
25:29 Gold Mining
28:00 Wheelbarrow
28:12 Leather Archer Armor
29:08 Horse Collar
29:16 Double-Bit Axe
32:00 Ballistics
34:11 Imperial Age
34:08 Hand Cart
35:11 Bloodlines
35:02 Husbandry
36:13 Chemistry
35:44 Thumb Ring
35:51 Bracer
38:08 Stone Mining
41:08 Stone Shaft Mining
41:45 Treadmill Crane
44:08 Town Patrol
45:32 Ring Archer Armor
46:35 Scale Barding Armor
47:10 Forging
49:19 Squires
48:39 Pikeman
49:36 Halberdier
Connection lost

Rejoining the realm…

Still unreachable

The connection could not be restored.

Session expired

The server has moved on; the page needs a fresh start.